 Dungeon Crawl Stone Soup version 0.31-a0-188-g5e087ee2ca (webtiles) character file.

Game seed: 9178764190432691959

2627 qw the Skirmisher (level 9, -1/54 HPs)
             Began as a Deep Elf Hunter on June 23, 2023.
             Was an Initiate of Okawaru.
             Succumbed to a killer bee's poison
             ... on level 7 of the Dungeon.
             The game lasted 00:03:15 (7103 turns).

qw the Skirmisher (Deep Elf Hunter)                 Turns: 7103, Time: 00:03:15

Health: -1/54      AC:  8    Str: 12    XL:     9   Next: 35%
Magic:  11/11      EV: 13    Int: 15    God:    Okawaru [......]
Gold:   358        SH:  0    Dex: 18    Spells: 8/8 levels left

rFire   . . .        Y - +1 shortbow
rCold   . . .        (shield currently unavailable)
rNeg    . . .        j - +0 ring mail
rPois   .            e - +1 helmet
rElec   .            k - +0 cloak
rCorr   .            (no gloves)
SInv    .            (no boots)
Will    .....        a - amulet of the acrobat
Stlth   +            (no ring)
HPRegen 0.29/turn    (no ring)
MPRegen 0.12/turn

%: acrobat
@: lethally poisoned (-1 -> -21), about to teleport
A: no striking features
a: Renounce Religion


You were on level 7 of the Dungeon.
You worshipped Okawaru.
Okawaru was noncommittal.
You visited 2 branches of the dungeon, and saw 8 of its levels.

You collected 358 gold pieces.


   Skills:
 - Level 5.0 Fighting
 - Level 14.0 Ranged Weapons
 - Level 2.0 Armour
 + Level 5.7 Dodging
 - Level 1.2 Stealth


You had 8 spell levels left.
You didn't know any spells.
Your spell library was empty.

Inventory:

Hand Weapons
 Y - a +1 shortbow (weapon)
Armour
 e - a +1 helmet (worn)
 j - a +0 ring mail (worn)
 k - a +0 cloak (worn)
 l - a +0 pair of gloves
Jewellery
 a - an amulet of the acrobat (around neck)
 c - a +6 ring of dexterity
Scrolls
 b - 2 scrolls of teleportation
 m - 2 scrolls of identify
Potions
 d - a potion of cancellation
 f - a potion of degeneration {unknown}
 g - a potion of resistance {unknown}
 h - a potion of might
 i - a potion of enlightenment

Dungeon Overview and Level Annotations

Branches:
Dungeon (7/15)             Temple (1/1) D:4

Altars:
Ashenzari
Cheibriados
Dithmenos
Fedhas
Gozag
Hepliaklqana
Makhleb
Nemelex Xobeh
Okawaru
Qazlal
Ru
Sif Muna
Trog
Uskayaw
Vehumet
Wu Jian
Xom
Yredelemnul
Zin
The Shining One

Annotations:
D:4 3 runed translucent doors, qw's ghost, amateur DEHu
D:5 exclusion: 8 gnoll sergeants


Message History

The killer bee stings you but does no damage.
The killer bee completely misses you. The killer bee stings you.
You are more poisoned.
The killer bee poisons you!
You shoot an arrow. The arrow misses the killer bee.
You feel very sick. The killer bee closely misses you.
The killer bee stings you.
You are more poisoned.
The killer bee poisons you! The killer bee closely misses you.
The killer bee barely misses you.
The killer bee stings you but does no damage.
The killer bee closely misses you. The killer bee barely misses you. x2
You shoot an arrow. The arrow hits the killer bee!
The killer bee is almost dead.
You feel very sick. The killer bee barely misses you.
The killer bee closely misses you. x2
The killer bee stings you but does no damage. x3
The killer bee misses you.
The killer bee stings you but does no damage.
You shoot an arrow. The arrow hits the killer bee.
You kill the killer bee!
Okawaru accepts your kill.
You feel very sick. The killer bee barely misses you.
The killer bee misses you. The killer bee stings you!
Your Armour skill increases to level 2!
You shoot an arrow.
The arrow hits the killer bee but does no damage.
The killer bee is almost dead.
You feel sick. The killer bee barely misses you.
The killer bee closely misses you. The killer bee stings you. x2
You are lethally poisoned!
The killer bee poisons you! The killer bee stings you. x2
You are more poisoned.
The killer bee poisons you! The killer bee closely misses you.
The killer bee stings you but does no damage.
7103 ||| READING 3 scrolls of teleportation.
As you read the scroll of teleportation, it crumbles to dust.
You feel strangely unstable.
You die...

#.....## ###...>...#..
###....###............
###.................
##..............
#..............
#..............
##..............
#.y.........#...
#@y....##...##..
#yy...## ...# .....##
#.....# #....## .....#
#...... .......#


You could see 4 killer bees.

Vanquished Creatures
  A cyclops (D:7)
  Grinder (D:6)
  Menkaure (D:6)
  2 water moccasins (D:7)
  2 black bears
  2 ice beasts
  A centaur (D:6)
  An ogre (D:5)
  2 phantoms
  A gnoll sergeant (D:5)
  A necrophage (D:6)
  2 bullfrogs (D:6)
  A killer bee (D:7)
  2 jellies
  A hound (D:5)
  6 orc priests
  5 iguanas
  An orc wizard (D:5)
  A hound skeleton (D:6)
  3 gnolls (D:5)
  6 adders
  7 shadow imps (D:4)
  8 white imps
  5 ufetubi
  A dart slug (D:5)
  10 orcs
  3 ball pythons
  7 bats
  6 endoplasms
  5 giant cockroaches
  5 goblins
  4 hobgoblins
  4 jackals (D:3)
  8 quokkas
  2 frilled lizards (D:2)
  3 kobolds
  7 rats
128 creatures vanquished.

Notes
Turn   | Place    | Note
-------+----------+-------------------------------------------
     0 | D:1      | qw the Deep Elf Hunter began the quest for the Orb.
     0 | D:1      | Reached XP level 1. HP: 12/12 MP: 3/3
     0 | D:1      | 0 ||| qw: Version: 0.3-a-9-g12657ce
     0 | D:1      | 0 ||| qw: Game counter: 4377
     0 | D:1      | 0 ||| qw: Always use a shield: true
     0 | D:1      | 0 ||| qw: God list: Okawaru
     0 | D:1      | 0 ||| qw: Allow faded altars: false
     0 | D:1      | 0 ||| qw: Do Orc after D:15 true
     0 | D:1      | 0 ||| qw: Do second Lair branch before Depths: true
     0 | D:1      | 0 ||| qw: Lair rune preference: random
     0 | D:1      | 0 ||| qw: Plans: Normal
     0 | D:1      | 0 ||| PLANNING D:1-11
   235 | D:1      | Reached XP level 2. HP: 13/16 MP: 4/4
   253 | D:1      | Reached skill level 6 in Ranged Weapons
   931 | D:1      | 931 ||| UPGRADING to +0 helmet.
   936 | D:1      | 936 ||| READING scroll labelled PUAFRURIKIL.
   939 | D:1      | 939 ||| READING scroll labelled NAXTOD RUZI.
   940 | D:1      | 940 ||| DRINKING 3 sedimented blue potions.
   941 | D:1      | 941 ||| DROPPING scroll of butterflies.
   943 | D:1      | 943 ||| Stepping ~*~*~tactically~*~*~ (cloud).
   943 | D:1      | HP: 4/16 [poisoned by you (poison gas)]
   944 | D:1      | 944 ||| DRINKING 2 potions of curing.
   944 | D:1      | 944 ||| (to cure poison)
  1265 | D:2      | Reached XP level 3. HP: 20/20 MP: 5/5
  1568 | D:2      | Reached skill level 7 in Ranged Weapons
  1730 | D:2      | 1730 ||| READING scroll labelled XECALL SAITUT.
  1731 | D:2      | 1731 ||| READING scroll labelled ROONGIDW KYOTTY.
  1732 | D:2      | 1732 ||| READING scroll labelled RILI GILIEPH.
  1733 | D:2      | 1733 ||| DRINKING 2 viscous dark potions.
  1734 | D:2      | 1734 ||| DRINKING 2 amethyst potions.
  1781 | D:2      | 1781 ||| DROPPING potion of invisibility.
  1782 | D:2      | 1782 ||| DROPPING potion of lignification.
  1827 | D:3      | Found a hide-covered altar of Uskayaw.
  2036 | D:3      | 2036 ||| READING scroll of enchant armour.
  2036 | D:3      | 2036 ||| ENCHANTING +0 helmet.
  2157 | D:3      | Found a sparkling altar of Nemelex Xobeh.
  2163 | D:3      | Reached XP level 4. HP: 25/25 MP: 6/6
  2378 | D:3      | Found a basalt altar of Yredelemnul.
  2489 | D:3      | 2489 ||| UPGRADING to +0 ring mail.
  2499 | D:3      | 2499 ||| DROPPING +0 leather armour.
  2500 | D:3      | 2500 ||| READING scroll labelled LAEHAUTHRUZ.
  2572 | D:4      | 2572 ||| Stepping ~*~*~tactically~*~*~ (outnumbered).
  2661 | D:4      | Reached skill level 8 in Ranged Weapons
  2709 | D:4      | Found a staircase to the Ecumenical Temple.
  2710 | D:4      | 2710 ||| PLANNING TEMPLE
  2710 | D:4      | 2710 ||| DRINKING 2 silvery potions.
  2711 | D:4      | 2711 ||| DROPPING potion of brilliance.
  2717 | Temple   | Entered the Ecumenical Temple
  2793 | Temple   | 2793 ||| PLANNING D:1-11
  2818 | D:4      | Found a runed translucent gate.
  2818 | D:4      | Found a runed translucent gate.
  2818 | D:4      | Found a runed translucent gate.
  2838 | D:4      | Reached XP level 5. HP: 23/29 MP: 7/7
  2951 | D:4      | HP: 6/29 [white imp/puff of frost (2)]
  2952 | D:4      | 2952 ||| READING 3 scrolls of teleportation.
  2952 | D:4      | HP: 1/29 [white imp (2)]
  3106 | D:4      | 3106 ||| FLEEEEING.
  3107 | D:4      | 3107 ||| FLEEEEING.
  3108 | D:4      | 3108 ||| FLEEEEING.
  3109 | D:4      | 3109 ||| FLEEEEING.
  3110 | D:4      | 3110 ||| FLEEEEING.
  3111 | D:4      | 3111 ||| FLEEEEING.
  3112 | D:4      | 3112 ||| FLEEEEING.
  3113 | D:4      | 3113 ||| FLEEEEING.
  3117 | D:4      | 3117 ||| STAIRDANCE
  3162 | D:3      | 3162 ||| UPGRADING to amulet of the acrobat.
  3169 | D:4      | 3169 ||| STAIRDANCE
  3213 | D:4      | 3213 ||| STAIRDANCE
  3234 | D:4      | 3234 ||| STAIRDANCE
  3379 | D:4      | Found a hazy altar of Hepliaklqana.
  3513 | D:4      | 3513 ||| Stepping ~*~*~tactically~*~*~ (outnumbered).
  3655 | D:4      | Reached skill level 9 in Ranged Weapons
  3750 | D:4      | Noticed a black bear
  3754 | D:4      | Killed a black bear
  3755 | D:4      | Reached XP level 6. HP: 36/36 MP: 8/8
  3805 | D:4      | Noticed qw's ghost (amateur DEHu)
  3806 | D:4      | Noticed qw's ghost (amateur DEHu)
  3809 | D:4      | 3809 ||| UPGRADING to +0 cloak.
  3814 | D:4      | 3814 ||| READING scroll labelled TYENOU JU JUE.
  3815 | D:4      | 3815 ||| READING scroll labelled DAODADU YXZYC.
  3816 | D:4      | 3816 ||| DRINKING 2 cyan potions.
  3850 | D:5      | Entered Level 5 of the Dungeon
  3950 | D:5      | Reached skill level 1 in Armour
  4100 | D:5      | 4100 ||| Stepping ~*~*~tactically~*~*~ (outnumbered).
  4102 | D:5      | 4102 ||| Stepping ~*~*~tactically~*~*~ (outnumbered).
  4104 | D:5      | 4104 ||| Stepping ~*~*~tactically~*~*~ (outnumbered).
  4117 | D:5      | Reached skill level 10 in Ranged Weapons
  4127 | D:5      | Reached XP level 7. HP: 17/40 MP: 9/9
  4242 | D:5      | Found a sacrificial altar of Ru.
  4286 | D:5      | HP: 9/40 [orc priest/+0 dagger of venom (3)]
  4287 | D:5      | 4287 ||| READING 4 scrolls of teleportation.
  4288 | D:5      | HP: 2/40 [poisoned by an orc priest]
  4289 | D:5      | Reached skill level 3 in Dodging
  4289 | D:5      | 4289 ||| DRINKING potion of curing.
  4289 | D:5      | 4289 ||| (to cure poison)
  4292 | D:5      | 4292 ||| FLEEEEING.
  4293 | D:5      | 4293 ||| FLEEEEING.
  4294 | D:5      | 4294 ||| FLEEEEING.
  4295 | D:5      | 4295 ||| FLEEEEING.
  4296 | D:5      | 4296 ||| FLEEEEING.
  4301 | D:5      | 4301 ||| FLEEEEING.
  4302 | D:5      | 4302 ||| FLEEEEING.
  4303 | D:5      | 4303 ||| FLEEEEING.
  4304 | D:5      | 4304 ||| FLEEEEING.
  4305 | D:5      | 4305 ||| FLEEEEING.
  4306 | D:5      | 4306 ||| FLEEEEING.
  4307 | D:5      | 4307 ||| FLEEEEING.
  4308 | D:5      | 4308 ||| FLEEEEING.
  4309 | D:5      | 4309 ||| FLEEEEING.
  4310 | D:5      | 4310 ||| FLEEEEING.
  4311 | D:5      | 4311 ||| FLEEEEING.
  4312 | D:5      | 4312 ||| FLEEEEING.
  4313 | D:5      | 4313 ||| FLEEEEING.
  4314 | D:5      | 4314 ||| FLEEEEING.
  4315 | D:5      | 4315 ||| FLEEEEING.
  4316 | D:5      | 4316 ||| FLEEEEING.
  4317 | D:5      | 4317 ||| FLEEEEING.
  4318 | D:5      | 4318 ||| FLEEEEING.
  4319 | D:5      | 4319 ||| FLEEEEING.
  4320 | D:5      | 4320 ||| FLEEEEING.
  4326 | D:5      | 4326 ||| FLEEEEING.
  4327 | D:5      | 4327 ||| FLEEEEING.
  4328 | D:5      | 4328 ||| FLEEEEING.
  4329 | D:5      | 4329 ||| FLEEEEING.
  4330 | D:5      | 4330 ||| FLEEEEING.
  4331 | D:5      | 4331 ||| FLEEEEING.
  4332 | D:5      | 4332 ||| STAIRDANCE
  4454 | D:4      | 4454 ||| DROPPING +6 ring of intelligence.
  4530 | D:5      | HP: 10/40 [gnoll/+0 club[a gnoll sergeant] (7)]
  4531 | D:5      | 4531 ||| READING 3 scrolls of teleportation.
  4533 | D:5      | HP: 2/40 [gnoll sergeant/+0 spear (3)]
  4727 | D:5      | 4727 ||| FLEEEEING.
  4936 | D:5      | Found a bloodstained altar of Trog.
  4984 | D:5      | 4984 ||| FLEEEEING.
  4985 | D:5      | 4985 ||| FLEEEEING.
  5002 | D:5      | Reached skill level 11 in Ranged Weapons
  5019 | D:5      | 5019 ||| FLEEEEING.
  5309 | D:6      | Reached skill level 12 in Ranged Weapons
  5309 | D:6      | Reached XP level 8. HP: 45/45 MP: 10/10
  5311 | D:6      | 5311 ||| FLEEEEING.
  5312 | D:6      | 5312 ||| STAIRDANCE
  5370 | D:6      | 5370 ||| STAIRDANCE
  5437 | D:6      | Reached skill level 3 in Fighting
  5528 | D:6      | Noticed Menkaure
  5537 | D:6      | Killed Menkaure
  5748 | D:6      | Reached skill level 13 in Ranged Weapons
  5837 | D:6      | 5837 ||| FLEEEEING.
  5838 | D:6      | 5838 ||| FLEEEEING.
  5839 | D:6      | 5839 ||| STAIRDANCE
  5884 | D:5      | 5884 ||| READING scroll labelled ZUOQY GOUXU.
  5885 | D:5      | 5885 ||| READING scroll labelled IDUCKU JIORR.
  5886 | D:5      | 5886 ||| READING scroll labelled DEFFIE XAAF SYUQY.
  5887 | D:5      | 5887 ||| DRINKING 2 metallic brown potions.
  5888 | D:5      | 5888 ||| READING 2 scrolls of identify.
  5888 | D:5      | 5888 ||| IDENTIFYING blue potion
  5918 | D:6      | Reached skill level 14 in Ranged Weapons
  5968 | D:6      | Noticed Grinder
  5982 | D:6      | Killed Grinder
  6071 | D:6      | Found a burning altar of Makhleb.
  6085 | D:6      | Reached XP level 9. HP: 39/51 MP: 11/11
  6175 | D:6      | Found a shimmering blue altar of Sif Muna.
  6258 | D:6      | Found an iron altar of Okawaru.
  6259 | D:6      | 6259 ||| PLANNING OKAWARU WORSHIP
  6259 | D:6      | 6259 ||| READING 2 scrolls of identify.
  6259 | D:6      | 6259 ||| IDENTIFYING coppery potion
  6260 | D:6      | 6260 ||| DROPPING potion of attraction.
  6265 | D:6      | Became a worshipper of Warmaster Okawaru
  6266 | D:6      | 6266 ||| PLANNING D:1-11
  6516 | D:7      | HP: 13/52 [poisoned by a water moccasin]
  6521 | D:7      | HP: 9/52 [poisoned by a water moccasin]
  6709 | D:7      | Noticed a cyclops
  6726 | D:7      | HP: 1/52 [cyclops (21)]
  6727 | D:7      | 6727 ||| READING 4 scrolls of teleportation.
  6728 | D:7      | Killed a cyclops
  7102 | D:7      | HP: 12/54 [killer bee (4)]
  7102 | D:7      | HP: 4/54 [killer bee (2)]
  7103 | D:7      | 7103 ||| READING 3 scrolls of teleportation.
  7103 | D:7      | Succumbed to a killer bee's poison

Levels and vault maps discovered:
D:1:      sevenhm_arrival_forest_fort_small_3, layout_basic
D:2:      minmay_alternating_diamond, layout_basic
D:3:      layout_loops_ring, lemuel_round_altar,
          nicolae_uskayaw_murder_on_the_dancefloor,
          nemelex_diamond_rough_becter, minmay_curled_crystal
D:4:      layout_loops_ring, nicolae_hepliaklqana_hippocampus,
          minmay_temple_entry_hall, gammafunk_ghost_cemetery, serial_demonic,
          serial_demonic_a, serial_demonic_b, serial_demonic_f,
          serial_demonic_e, serial_demonic_g, serial_demonic_d,
          serial_demonic_b, serial_demonic_g
D:5:      layout_gridville, mainiacjoe_overflow_swirl, uniq_blork_the_orc
D:6:      layout_basic, lemuel_doored_altar, makhleb_blood_cavern_becter,
          led_sif_pool, uniq_grinder, uniq_menkaure
D:7:      layout_layer_cave
Temple:   jpeg_temple_clearing

Skill      XL: |  1  2  3  4  5  6  7  8  9 |
---------------+----------------------------+-----
Ranged Weapons | 6 7 8 9 10 12 14 | 14.0
Fighting       | 2 3 5 |  5.0
Armour         | 1 2 |  2.0
Dodging        | 3 5 |  5.7
Stealth        | |  1.2

Action                     |  1- 3 |  4- 6 |  7- 9 || total
---------------------------+-------+-------+-------++-------
   Fire: Shortbow          |   171 |   158 |   296 ||   625
    Use: Scroll            |     6 |     4 |     9 ||    19
         Potion            |     4 |     2 |     2 ||     8
 Armour: Leather armour    |    28 |       |       ||    28
         Ring mail         |       |    31 |    48 ||    79
  Dodge: Dodged            |    56 |    66 |   115 ||   237

Table legend:
 A = Non-vault XP
 B = Vault XP
 C = Vault XP percentage of total XP
 D = Non-vault monster count
 E = Vault monster count
 F = Vault count percentage of total count
                 A         B        C        D         E       F
            +---------+---------+-------+---------+---------+-------
      Total |    3018 |     736 |  19.6 |     103 |      25 |  19.5
            +---------+---------+-------+---------+---------+-------
        D:1 |      22 |       0 |   0.0 |      12 |       0 |   0.0
        D:2 |      37 |      10 |  21.3 |      16 |       6 |  27.3
        D:3 |      43 |      10 |  18.9 |      19 |       1 |   5.0
        D:4 |     140 |     144 |  50.7 |       5 |      14 |  73.7
        D:5 |     957 |       0 |   0.0 |      28 |       0 |   0.0
        D:6 |     886 |     572 |  39.2 |      16 |       4 |  20.0
        D:7 |     933 |       0 |   0.0 |       7 |       0 |   0.0
            +---------+---------+-------+---------+---------+-------
